AoeStats
← 摆烂pia

Nomad

504760418Analyzed
4v4 RM · 26d ago on Sep 6, 2026· 53m 57s· 8 players
Game mode
Random Map
Map size
231×231
Population
200
Speed
Normal
Resources
Standard
Victory
Conquest
Starting age
Dark Age
Ending age
Imperial Age
RankedLock teamsTeams togetherTeam positionsShared explorationLock speedFull tech treeHidden civsTurbo modeCheats
Victory
Defeat
🇨🇳 Huns · China
1577
+18
1553
+19
🇨🇳 Maya · China
1547
+20
🇨🇳 Italians · China
1521
+44
🇨🇿 Bulgarians · Czechia
1736
-24
🇨🇿 Japanese · Czechia
1626
-19
🇨🇿 Mongols · Czechia
1573
-17
🇲🇽 Sicilians · Mexico
1573
-17
|Thepejezombie
10:47 Loom
12:41 Feudal Age
13:51 Town Watch
16:44 Castle Age
15:30 Double-Bit Axe
17:36 Medium Warships
17:41 Bow Saw
38:03 Imperial Age
36:02 Scale Mail Armor
37:10 Wheelbarrow
37:47 Chain Mail Armor
38:14 Fletching
39:19 Plate Mail Armor
42:30 Conscription
42:24 Forging
43:27 Bodkin Arrow
44:06 Ballistics
44:55 Horse Collar
47:26 Iron Casting
50:25 Bracer
DanielCZ
12:35 Feudal Age
13:18 Double-Bit Axe
15:41 Loom
18:45 Castle Age
17:33 Fletching
19:41 Medium Warships
19:51 Bow Saw
21:48 Bodkin Arrow
23:41 Wheelbarrow
23:29 Scale Barding Armor
30:55 Fishing Lines
32:37 Horse Collar
36:30 Imperial Age
34:35 Hand Cart
36:42 Chain Barding Armor
38:54 Plate Barding Armor
38:42 Stone Mining
40:08 Forging
41:13 Iron Casting
45:58 Elite Konnik
47:20 Stirrups
49:04 Masonry
50:14 Heavy Plow
52:59 Blast Furnace
Rank
5:14 Loom
13:50 Feudal Age
14:15 Double-Bit Axe
19:46 Castle Age
19:09 Fletching
21:58 Bow Saw
23:06 Scale Mail Armor
31:39 Squires
34:05 Horse Collar
34:23 Gambesons
36:05 Wheelbarrow
36:10 Chain Mail Armor
36:32 Bodkin Arrow
37:08 Heavy Plow
40:36 Imperial Age
38:24 Stone Mining
38:29 Gold Mining
39:35 Forging
40:46 Guard Tower
40:40 Elite Samurai
41:42 Conscription
42:04 Plate Mail Armor
42:21 Arson
43:16 Iron Casting
45:44 Bracer
48:17 Blast Furnace
47:48 Arrowslits
49:25 Capped Ram
alesh
5:32 Loom
14:02 Feudal Age
14:47 Town Watch
18:20 Castle Age
17:44 Double-Bit Axe
18:56 Fletching
19:25 Medium Warships
29:10 Bodkin Arrow
34:16 Padded Archer Armor
37:05 Ballistics
41:31 Leather Archer Armor
41:20 Husbandry
42:23 Bloodlines
儒门_重农抑商
6:43 Loom
13:23 Feudal Age
14:07 Town Watch
14:24 Double-Bit Axe
18:28 Castle Age
16:45 Horse Collar
18:05 Forging
19:24 Medium Warships
19:36 Bow Saw
26:49 Fletching
27:29 Ballistics
28:59 Wheelbarrow
29:40 Bodkin Arrow
35:13 Padded Archer Armor
37:26 Gold Mining
42:20 Imperial Age
40:34 Hand Cart
41:03 Stone Mining
42:56 Coinage
43:05 Bracer
42:51 Capped Ram
43:02 Man-at-Arms
43:43 Squires
43:52 Pikeman
45:04 Scale Mail Armor
44:52 Elite Plumed Archer
44:59 Halberdier
46:49 Chemistry
45:30 Treadmill Crane
46:52 Chain Mail Armor
47:12 Iron Casting
50:34 Crossbowman
51:20 Thumb Ring
51:57 Hoardings
51:43 Conscription
51:42 Arbalester
54:15 Heavy Warships
54:29 Leather Archer Armor
摆烂pia
4:43 Loom
14:09 Feudal Age
18:05 Castle Age
16:54 Double-Bit Axe
18:57 Medium Warships
19:05 Forging
20:38 Clinker Construction
21:32 Careening
24:04 Horse Collar
27:00 Fishing Lines
29:36 Wheelbarrow
28:48 Town Watch
32:29 Scale Barding Armor
34:56 Imperial Age
33:29 Gold Mining
33:54 Bow Saw
34:39 Iron Casting
34:23 Marauders
35:10 Bloodlines
35:01 Husbandry
35:22 Chain Barding Armor
35:38 Hand Cart
36:28 Conscription
36:35 Elite Tarkan
38:53 Plate Barding Armor
38:24 Gold Mining
39:58 Blast Furnace
43:52 Cavalier
44:54 Paladin
51:27 Coinage
52:38 Fletching
53:10 Ballistics
53:01 Masonry
54:03 Two-Man Saw
53:04 Heavy Plow
摆烂pia
5:47 Loom
13:33 Feudal Age
17:11 Castle Age
15:35 Loom
16:02 Stone Mining
17:41 Fishing Lines
19:16 Fletching
20:40 Bodkin Arrow
20:46 Padded Archer Armor
21:10 Gold Mining
22:59 Double-Bit Axe
25:13 Leather Archer Armor
34:16 Bow Saw
34:45 Stone Shaft Mining
35:58 Ballistics
40:33 Masonry
45:29 Murder Holes
48:11 Wheelbarrow
遥かに仰ぎ,麗しの
13:26 Feudal Age
17:08 Castle Age
16:13 Double-Bit Axe
16:18 Loom
16:42 Horse Collar
18:14 Bow Saw
18:02 Fletching
21:12 Bodkin Arrow
24:39 Town Watch
33:09 Padded Archer Armor
39:43 Wheelbarrow
41:25 Leather Archer Armor
43:35 Ballistics
47:30 Imperial Age
45:34 Heavy Plow
47:10 Kasbah
48:34 Stone Mining
48:34 Gold Mining
49:01 Hand Cart
49:41 Conscription
49:22 Kasbah
50:26 Gold Shaft Mining
50:05 Bracer
50:21 Leather Archer Armor
52:45 Chemistry
52:16 Ring Archer Armor
52:37 Husbandry
52:53 Bloodlines
53:27 Elite Camel Archer
Connection lost

Rejoining the realm…

Still unreachable

The connection could not be restored.

Session expired

The server has moved on; the page needs a fresh start.